AoeStats
← Roelofzen

Arena

506829798Analyzed
1v1 RM · 18d ago on Sep 15, 2026· 51m 40s· 2 players
Game mode
Random Map
Map size
Tiny (2 player)
Population
200
Speed
Normal
Resources
Standard
Victory
Conquest
Starting age
Dark Age
Ending age
Imperial Age
RankedLock teamsTeams togetherTeam positionsShared explorationLock speedFull tech treeHidden civsTurbo modeCheats
Victory
Defeat
🇳🇱 Bohemians · Netherlands
1028
+16
🇷🇺 Italians · Russia
1029
-16
Roelofzen
12:10 Feudal Age
12:56 Town Watch
18:52 Castle Age
17:27 Horse Collar
17:33 Double-Bit Axe
20:01 Bow Saw
19:52 Heavy Plow
23:13 Scale Mail Armor
23:06 Man-at-Arms
23:50 Long Swordsman
26:02 Chain Mail Armor
32:06 Imperial Age
31:20 Forging
31:02 Fletching
32:32 Chemistry
31:51 Squires
33:13 Conscription
34:45 Two-Man Saw
35:39 Wheelbarrow
35:15 Siege Engineers
35:47 Two-Handed Swordsman
37:01 Plate Mail Armor
37:06 Iron Casting
37:06 Champion
42:37 Blast Furnace
42:32 Hand Cart
41:52 Houfnice
42:02 Pikeman
45:34 Halberdier
Sab_Anubis
10:01 Feudal Age
10:29 Horse Collar
10:36 Double-Bit Axe
16:41 Castle Age
15:39 Stone Mining
16:09 Loom
17:01 Wheelbarrow
24:43 Gold Mining
25:00 Fletching
25:11 Padded Archer Armor
25:13 Scale Mail Armor
27:53 Thumb Ring
30:33 Imperial Age
29:36 Murder Holes
30:47 Ballistics
30:59 Redemption
30:46 Arson
31:01 Squires
32:11 Conscription
32:42 Heavy Plow
33:56 Fervor
34:07 Sanctity
34:05 Block Printing
36:04 Chemistry
35:19 Forging
37:13 Man-at-Arms
38:09 Long Swordsman
38:45 Two-Handed Swordsman
40:07 Champion
42:31 Chain Mail Armor
42:51 Iron Casting
48:08 Elite Skirmisher
48:49 Bodkin Arrow
50:04 Bow Saw
Connection lost

Rejoining the realm…

Still unreachable

The connection could not be restored.

Session expired

The server has moved on; the page needs a fresh start.